Map: Lerilak Crest

Players

Njwboom

  • Race: Protoss Protoss
  • League: Diamond

Manta

  • Race: Protoss Protoss
  • League: Silver

Steve

  • Race: Zerg Zerg
  • League: Diamond

Zarc

  • Race: Zerg Zerg
  • League: Bronze

VOD

Have the link to the VOD?

Description

Time

  • Played on: Feb. 18, 2016, 8:32 p.m.
  • Length: 9:38
Show
View Real Time Build Order
Export as new Build Order

Njwboom Protoss 

Build Orders: 1 Gate Expand 

Get SALT Encoding   

  12  0:01  Probe (Chrono Boost)  
  13  0:11  Probe (Chrono Boost)  
  14  0:22  Pylon  
  14  0:24  Probe (Chrono Boost)  
  15  0:40  Probe (Chrono Boost)  
  16  0:42  Gateway  
  16  0:50  Probe (Chrono Boost)  
  16  0:51  Assimilator  
  17  1:01  Probe (Chrono Boost)  
  18  1:15  Probe (Chrono Boost)  
  19  1:28  Nexus  
  19  1:40  Cybernetics Core  
  19  1:44  Probe (Chrono Boost)  
  20  1:57  Pylon  
  20  2:03  Warp Gate  
  20  2:16  Gateway  
  20  2:19  Adept  
  23  2:30  Probe (Chrono Boost)  
  23  2:41  Assimilator  
  23  2:42  Probe (Chrono Boost)  
  23  2:43  Probe (Chrono Boost)  
  25  2:51  Adept  
  27  2:53  Probe (Chrono Boost)  
  27  2:54  Probe (Chrono Boost)  
  29  3:04  Probe (Chrono Boost)  
  31  3:12  Adept  
  33  3:15  Mothership Core (Chrono Boost)  
  33  3:16  Probe (Chrono Boost)  
  33  3:17  Pylon  
  33  3:18  Adept  
  27  4:03  Gateway  
  27  4:04  Gateway  
  27  4:08  Pylon x2  
  27  4:19  Probe (Chrono Boost)  
  28  4:29  Probe (Chrono Boost)  
  28  4:30  Gateway  
  29  4:40  Probe (Chrono Boost)  
  29  4:45  Probe (Chrono Boost)  
  31  4:50  Probe (Chrono Boost)  
  32  4:54  Robotics Facility  
  32  4:57  Probe (Chrono Boost)  
  33  5:01  Probe (Chrono Boost)  
  34  5:09  Probe (Chrono Boost)  
  34  5:11  Probe (Chrono Boost)  
  36  5:21  Pylon  
  36  5:22  Probe (Chrono Boost)  
  36  5:25  Pylon  
  37  5:30  Adept  
  37  5:31  Pylon  
  37  5:33  Adept  
  41  5:38  Probe (Chrono Boost)  
  41  5:40  Probe (Chrono Boost)  
  41  5:41  Observer  
  44  5:52  Probe (Chrono Boost)  
  44  5:53  Probe (Chrono Boost)  
  46  6:18  Adept x4  
  48  6:19  Adept  
  48  6:22  Warp Prism  
  56  6:30  Stargate  
  56  6:31  Probe (Chrono Boost)  
  59  6:42  Probe (Chrono Boost)  
  60  6:52  Probe (Chrono Boost)  
  61  6:59  Adept x4  
  61  7:00  Adept  
  71  7:03  Probe (Chrono Boost)  
  72  7:13  Probe (Chrono Boost)  
  73  7:16  Phoenix  
  73  7:21  Nexus  
  75  7:24  Pylon  
  75  7:27  Pylon  
  75  7:29  Probe (Chrono Boost)  
  76  7:34  Assimilator  
  76  7:38  Assimilator  
  76  7:41  Phoenix  
  78  7:52  Forge  
  78  7:55  Forge  
  78  8:20  Phoenix  
  78  8:21  Robotics Bay  
  80  8:33  Stalker x5  
  82  8:42  Immortal  
  86  8:54  Probe (Chrono Boost)  
  85  8:57  Stalker x3  
  89  9:05  Probe (Chrono Boost)  
  82  9:11  Stalker x2  
  82  9:15  Probe (Chrono Boost)  
  67  9:26  Probe (Chrono Boost)  
Show
View Real Time Build Order
Export as new Build Order

Manta Protoss 

Build Orders:  

Get SALT Encoding   

  12  0:01  Drone  
  13  0:12  Overlord  
  13  0:17  Drone  
  14  0:31  Drone x2  
  14  0:34  Drone  
  17  0:53  Hatchery  
  16  0:57  Drone  
  16  0:59  Drone  
  18  1:06  Extractor  
  18  1:08  Drone  
  18  1:18  Spawning Pool  
  18  1:21  Drone  
  18  1:28  Drone  
  19  1:38  Overlord  
  19  1:52  Drone  
  20  2:05  Queen x2  
  24  2:08  Metabolic Boost  
  24  2:09  Drone  
  24  2:10  Drone  
  24  2:12  Drone  
  27  2:19  Drone  
  27  2:22  Drone  
  29  2:45  Zergling x8  
  33  2:52  Hatchery  
  33  2:55  Zergling x4  
  34  2:58  Overlord  
  34  3:06  Zergling x2  
  34  3:12  Zergling x2  
  36  3:17  Overlord x2  
  36  3:18  Drone x2  
  36  3:19  Drone x2  
  40  3:24  Drone  
  40  3:25  Drone  
  41  3:38  Drone x2  
  43  3:44  Roach Warren  
  43  3:45  Drone, Extractor  
  43  3:46  Drone  
  43  3:49  Queen  
  43  3:54  Drone x2  
  46  3:55  Drone x2  
  46  3:56  Drone x2  
  49  4:05  Lair  
  49  4:07  Spore Crawler  
  48  4:11  Spore Crawler  
  48  4:14  Drone x2  
  48  4:15  Drone  
  48  4:24  Roach x3  
  48  4:27  Roach  
  56  4:33  Drone x3  
  56  4:34  Drone  
  56  4:37  Roach  
  62  4:39  Roach  
  64  4:46  Overlord  
  64  4:51  Drone  
  65  4:54  Overlord  
  65  5:04  Queen  
  67  5:08  Roach x3  
  67  5:10  Overlord x3  
  67  5:14  Drone x3  
  75  5:15  Evolution Chamber  
  75  5:19  Extractor  
  74  5:30  Roach x6  
  74  5:32  Ravager  
  74  5:33  Zergling x6  
  74  5:35  Drone  
  91  5:36  Drone  
  91  5:38  Drone  
  93  5:52  Spine Crawler  
  93  5:53  Spine Crawler  
  91  6:02  Hydralisk Den  
  91  6:03  Drone x2  
  92  6:05  Zerg Missile Weapons Level 1  
  92  6:08  Drone x5  
  92  6:09  Drone x6  
  103  6:16  Extractor  
  103  6:17  Extractor  
  103  6:18  Roach x2  
  103  6:21  Overlord x2  
  105  6:32  Spore Crawler  
  104  6:35  Drone  
  104  6:37  Spine Crawler  
  104  6:40  Drone x3  
  104  6:41  Roach  
  104  6:42  Roach x4  
  104  6:44  Drone x2  
  117  6:53  Muscular Augments  
  117  6:58  Drone  
  118  7:03  Drone x3  
  118  7:04  Extractor  
  118  7:08  Glial Reconstitution  
  120  7:16  Overlord x5  
  120  7:17  Overlord  
  120  7:34  Queen  
  120  7:35  Hydralisk  
  120  7:36  Hydralisk x9  
  140  7:39  Hydralisk  
  144  7:47  Overlord  
  144  7:48  Overlord x3  
  143  8:09  Hydralisk x4  
  143  8:10  Hydralisk x5  
  143  8:11  Hydralisk  
  159  8:25  Roach x2  
  159  8:26  Roach x5  
  172  8:38  Roach  
  172  8:39  Roach x4  
  182  8:48  Roach x3  
  179  9:21  Hatchery  
Show
View Real Time Build Order
Export as new Build Order

Steve Zerg 

Build Orders:  

Get SALT Encoding   

Show
View Real Time Build Order
Export as new Build Order

Zarc Zerg 

Build Orders:  

Get SALT Encoding   

Tags
 
Add a new tag
Caveats
  • Supply blocks, unpowered buildings, or Contaminate may cause inaccurate times.
  • Supply counts are checked every 10 seconds.